 Dungeon Crawl Stone Soup version 0.30.1-11-g7821555f0a (webtiles) character file.

Game seed: 2005707928820280451

132 hawla the Firebug (level 5, -4/39 HPs)
             Began as a Meteoran Fire Elementalist on Jan 3, 2024.
             Was an Initiate of Vehumet.
             Shot with an arrow by a centaur (10 damage)
             ... on level 5 of the Dungeon.
             The game lasted 00:04:43 (524 turns).

hawla the Firebug (Meteoran Fire Elementalist)       Turns: 524, Time: 00:04:44

Health: -4/39      AC:  2    Str:  9    XL:     5   Next: 66%
Magic:  5/11       EV: 13    Int: 19    God:    Vehumet [......]
Gold:   49         SH:  0    Dex: 14    Spells: 4/11 levels left

rFire   . . .        f - +1 dagger (distort)
rCold   . . .        (no shield)
rNeg    . . .        a - +0 robe
rPois   .            (no helmet)
rElec   .            (no cloak)
rCorr   .            (no gloves)
SInv    .            (no boots)
Will    .....        (no amulet)
Stlth   +            (no ring)
HPRegen 0.26/turn    (no ring)
MPRegen 0.12/turn

%: no passive effects
@: glowing
A: sense surroundings 1, otherworldly, glowing, explore regen
a: Renounce Religion


You were on level 5 of the Dungeon.
You worshipped Vehumet.
Vehumet was noncommittal.
You visited 1 branch of the dungeon, and saw 6 of its levels.

You collected 49 gold pieces.

Inventory:

Hand Weapons
 f - a +1 dagger of distortion (weapon)
Armour
 a - a +0 robe (worn)
Wands
 b - a wand of polymorph (2)
Potions
 c - a potion of curing


   Skills:
 - Level 0.3 Fighting
 - Level 2.9 Dodging
 - Level 1.4 Stealth
 - Level 3.9 Spellcasting
 + Level 2.6 Conjurations
 - Level 5.3 Fire Magic


You had 4 spell levels left.
You knew the following spells:

 Your Spells              Type           Power      Damage    Failure   Level
a - Foxfire               Conj/Fire      72%        2x1d7     2%          1
b - Scorch                Fire           46%        2d6       2%          2
c - Flame Wave            Conj/Fire      18%        2d7       26%         4

Your spell library contained the following spells:

 Spells                   Type           Power      Damage    Failure   Level
 Inner Flame              Hex/Fire       13%        N/A       14%         3
 Volatile Blastmotes      Fire/Tloc      26%        2d12      14%         3


Dungeon Overview and Level Annotations

Branches:
Dungeon (6/15) Zot: 3089
 Temple: D:4-7

Altars:
Vehumet

Annotations:
D:4 Blork the orc


Innate Abilities, Weirdness & Mutations

You passively map a small area around you.
You are easily found by Zot.
You glow in the dark.
You regain HP and MP as you explore.


Message History

Casting: Foxfire (safe; 2% risk of failure)
Confirm with . or Enter, or press ? or * to list all spells.
You conjure some foxfire!
Your foxfire dissipates! x2
The foxfire hits the gnoll bouda.
The gnoll bouda is lightly wounded.
The foxfire hits the gnoll bouda.
The gnoll bouda is moderately wounded.
Casting: Foxfire (safe; 2% risk of failure)
Confirm with . or Enter, or press ? or * to list all spells.
You conjure some foxfire!
The gnoll bouda hits you with a +0 club.
You are too injured to fight recklessly!
You are too injured to fight recklessly!
You hit the gnoll bouda but do no damage.
Space warps around the gnoll bouda.
The gnoll bouda is severely wounded.
The foxfire hits the gnoll bouda.
The gnoll bouda is severely wounded.
The foxfire hits the gnoll bouda.
The gnoll bouda is severely wounded.
The gnoll bouda mumbles some strange prayers to its god.
The gnoll bouda is healed somewhat.
You closely miss the gnoll bouda.
The gnoll bouda is heavily wounded.
The gnoll bouda closely misses you.
You hit the gnoll bouda.
The gnoll bouda is severely wounded.
The gnoll bouda blinks!
A gnoll bouda and a centaur come into view.
The centaur shouts!
The centaur wields a +3 shortbow.
The centaur shoots an arrow.
The arrow closely misses you.
The centaur shoots an arrow.
The arrow barely misses you.
The centaur shoots an arrow.
The arrow hits you!
* * * LOW HITPOINT WARNING * * *
The gnoll bouda utters an invocation to its god.
The gnoll bouda is healed somewhat.
The centaur shoots an arrow.
The arrow hits you!
You die...

* #.#....####....#...## *
#..>...g....# #..[... , * ,
##.......#####....... , ###
#)..##...............
.....##...#...####........,,
#......#.....##.......... ,
########........#........ *
, ......##.......#...#.. ,
...#####@..##..##### #* , ,
## * #.......#* , ,,
*.........** , , ..c.......
* , , #.......### *** , *
........# , ,, .........# ,
###.......# , , , , , *


You could see a centaur and a gnoll bouda.

Vanquished Creatures
  A scorpion (D:4)
  A jelly (D:5)
  A gnoll (D:5)
  2 adders
  3 orcs (D:6)
  2 goblins
  2 jackals (D:3)
  A quokka (D:3)
  A kobold (D:4)
14 creatures vanquished.

Vanquished Creatures (others)
  43 foxfires
43 creatures vanquished.

Grand Total: 57 creatures vanquished

Notes
Turn   | Place    | Note
-------+----------+-------------------------------------------
     0 | D:1      | hawla the Meteoran Fire Elementalist began the quest for
                  | the Orb.
     0 | D:1      | Reached XP level 1. HP: 14/14 MP: 5/5
    81 | D:3      | Reached skill level 4 in Fire Magic
    81 | D:3      | Reached XP level 2. HP: 16/20 MP: 2/6
   119 | D:4      | Noticed a scorpion
   129 | D:4      | Killed a scorpion
   130 | D:4      | Reached XP level 3. HP: 24/26 MP: 5/9
   130 | D:4      | Reached XP level 4. HP: 31/33 MP: 5/10
   133 | D:4      | Learned a level 2 spell: Scorch
   302 | D:4      | Noticed Blork the orc
   363 | D:4      | Found a radiant altar of Vehumet.
   372 | D:4      | Reached skill level 5 in Fire Magic
   412 | D:4      | Became a worshipper of Vehumet
   415 | D:5      | Entered Level 5 of the Dungeon
   442 | D:5      | Reached XP level 5. HP: 27/39 MP: 6/11
   451 | D:6      | Learned a level 4 spell: Flame Wave
   481 | D:6      | Noticed a black bear
   522 | D:5      | Noticed a centaur
   524 | D:5      | Shot with an arrow by a centaur

Illustrated notes

Levels and vault maps discovered:
D:1:      lightli_arrival_maybe_door_vault, layout_loops_corners
D:2:      layout_basic, serial_shops, shop, shop, nicolae_shop_rolled_up,
          serial_park_tiny_1, st_stairs_4, minmay_distorted
D:3:      layout_basic, serial_shops, shop_fountains, minmay_statues_item,
          minivault_4, minmay_misc_feat_iff, kennysheep_small_spiral,
          chequers_avenue
D:4:      layout_gridville, general_overflow_altar,
          minmay_temple_entry_mini_moons, uniq_grinder, uniq_blork_the_orc,
          uniq_menkaure
D:5:      minmay_evil_eye, layout_rooms, evilmike_ruin_ashenzari,
          kennysheep_generic_room_2
D:6:      layout_basic, nicolae_overflow_two_pavilions,
          hangedman_minor_gate_pass, uniq_eustachio

Skill      XL: |  1  2  3  4 |
---------------+-------------+-----
Fire Magic     | 4 5 |  5.3
Spellcasting   | 3 |  3.9
Conjurations   | 2 |  2.6
Fighting       | |  0.3
Dodging        | |  2.9
Stealth        | |  1.4

Action                     |  1- 3 |  4- 6 || total
---------------------------+-------+-------++-------
  Melee: Unarmed           |     2 |       ||     2
         Dagger            |       |     3 ||     3
   Cast: Foxfire           |    16 |     8 ||    24
         Scorch            |       |    12 ||    12
         Flame Wave        |       |     1 ||     1
    Use: Potion            |     2 |     1 ||     3
         Scroll            |       |     3 ||     3
 Armour: Robe              |     1 |     2 ||     3
  Dodge: Dodged            |     2 |    12 ||    14
